 Dungeon Crawl Stone Soup version bcrawl-1.31.4 (webtiles) character file.

Game seed: 6446064068131903688

125088 Morbidden the Sneak (level 5, 0/29 HPs)
             Began as a Vine Stalker Archaeologist on May 24, 2021.
             Succumbed to an adder's poison
             ... on level 4 of the Dungeon.
             The game lasted 00:04:49 (2784 turns).

Morbidden the Sneak (Vine Stalker Archaeologist)    Turns: 2784, Time: 00:04:49

Health: 0/29       AC: 12    Str: 13    XL:     5   Next: 22%
Magic:  6/6        EV: 12    Int: 18    God:
Gold:   188        SH:  0    Dex: 13    Spells: 4/4 levels left

rFire    . . .     SeeInvis .   a - +0 falchion
rCold    . . .     Gourm    .   (no shield)
rNeg     . . .     Faith    .   g - quicksilver dragon scales
rPois    .         Spirit   .   d - +1 hat
rElec    .         Reflect  .   (no cloak)
rCorr    .         Harm     .   (no gloves)
MR       +....                  k - +1 pair of boots
Stlth    ++........             (no amulet)
HPRegen  0.49/turn              s - +3 ring of intelligence
MPRegen  0.10/turn              (no ring)

@: lethally poisoned (0 -> 0), berserk cooldown, slowed, very slow
A: fangs 2, regeneration 1, no potion heal 3, rot immunity, strong jaws
a: no special abilities


You were on level 4 of the Dungeon.
You were near starving.

You visited 1 branch of the dungeon, and saw 4 of its levels.

You collected 188 gold pieces.

Inventory:

Hand Weapons
 a - a +0 falchion (weapon)
 b - a +0 blowgun
 y - a +0 dagger
Missiles
 f - 6 curare-tipped needles
 m - 38 poisoned needles
 z - 103 javelins (quivered)
Armour
 d - a +1 hat (worn)
 g - quicksilver dragon scales (worn)
 k - a +1 pair of boots (worn)
Jewellery
 s - a +3 ring of intelligence (left hand)
Wands
 w - a wand of acid (1)
 C - a wand of iceblast (8)
Scrolls
 i - a scroll of identify
 l - 2 scrolls of remove curse {unknown}
 o - a scroll of amnesia {unknown}
 r - a scroll of fog {unknown}
 t - a scroll of immolation {unknown}
 u - a scroll of enchant weapon {unknown}
 v - a scroll of fear {unknown}
 A - a scroll of enchant armour {unknown}
Potions
 j - a potion of heal wounds {unknown}
 n - a potion of berserk rage
 p - 3 potions of curing {unknown}
 q - 2 potions of agility {unknown}
 x - a potion of flight {unknown}
 B - a potion of mutation {unknown}
Comestibles
 e - 9 rations {!d}


   Skills:
 * Level 1.4 Fighting
 * Level 1.6 Long Blades
   Level 1.1 Maces & Flails
 + Level 4.8 Dodging
 + Level 5.6 Stealth


You had 4 spell levels left.
You didn't know any spells.
Your spell library was empty.

Dungeon Overview and Level Annotations

Branches:
Dungeon (4/12)             Temple (0/1) D:4

Altars:
Nemelex Xobeh
Qazlal

Annotations:
D:3 2 runed translucent doors, yrara's ghost, amateur DsFi
D:4 1 transporter


Innate Abilities, Weirdness & Mutations

You have extremely sharp teeth.
Your natural rate of healing is unusually fast.
Potions cannot restore your health.
You are immune to rotting.
Your bites deal extra damage.


Message History

You kill the orc!
Something hits you.
* * * LOW HITPOINT WARNING * * *
Something hits you but does no damage. x2
No path to travel!
No path to travel!
No path to travel!
No path to travel!
No path to travel!
No path to travel!
Okay, then.
Unknown command.
Evoke which item? (* to show all) (? for menu, Esc to quit)
Aiming: Corrosive Bolt
Press: ? - help, Shift-Dir - straight line, p - ogre The bolt of acid hits something!
Something seems to be corroded for longer.
Reactivating autopickup.
You feel a bit more experienced.
The bolt of acid misses the ogre.
You die...

#.....o...o..##≈#*≈≈**≈**,,<,,,,
###......#....#≈#≈≈∩≈*≈*,***,,,,
#....oO##...#≈#≈≈≈≈*≈*,,,,,,,,
###....{#oK##≈##≈≈**≈**,,,,,,,
##..oh.#.#≈≈≈#≈≈*≈≈≈*,*,,,,,
###.###.#≈≈≈*≈≈≈≈≈≈*****,,, ###
#o##s#*****≈** **** #)O#w# *** *
##K)@# * #####


You could see an ogre, a worm, an orc, a giant cockroach and a kobold.

Vanquished Creatures
  An orc wizard (D:4)
  A worker ant (D:4)
  An adder (D:4)
  An ooze (D:2)
  4 worms
  4 dart slugs
  7 leopard geckos
  3 orcs
  7 giant cockroaches
  4 goblins
  6 hobgoblins
  4 jackals
  7 kobolds
  A quokka (D:2)
  A ball python (D:2)
  7 bats
  5 frilled lizards
  6 rats
70 creatures vanquished.

Notes
Turn   | Place    | Note
-------+----------+-------------------------------------------
     0 | D:1      | Morbidden the Vine Stalker Archaeologist began the quest
                  | for the Orb.
     0 | D:1      | Reached XP level 1. HP: 11/11 MP: 2/2
   213 | D:1      | Reached XP level 2. HP: 16/16 MP: 3/3
   222 | D:1      | Reached skill level 1 in Maces & Flails
   759 | D:1      | Reached XP level 3. HP: 20/20 MP: 4/4
   808 | D:1      | Reached skill level 5 in Stealth
  1062 | D:2      | Reached skill level 1 in Fighting
  1220 | D:2      | Found a stormy altar of Qazlal.
  1222 | D:2      | Noticed a water elemental
  1223 | D:2      | Noticed an earth elemental
  1223 | D:2      | Noticed an air elemental
  1223 | D:2      | Noticed a fire elemental
  1278 | D:2      | Reached XP level 4. HP: 25/25 MP: 5/5
  1445 | D:2      | Reached skill level 1 in Long Blades
  1903 | D:3      | Found a runed translucent door.
  1906 | D:3      | Noticed yrara's ghost (amateur DsFi)
  1961 | D:3      | Found a runed translucent door.
  2356 | D:3      | Found a sparkling altar of Nemelex Xobeh.
  2687 | D:4      | Reached XP level 5. HP: 16/29 MP: 6/6
  2687 | D:4      | Identified a scroll of acquirement
  2687 | D:4      | Identified the ring of Huqedog {+Fly MR+} (You acquired it
                  | on level 4 of the Dungeon)
  2722 | D:4      | Found a transporter.
  2734 | D:4      | Noticed a sky beast
  2738 | D:4      | Noticed an ogre
  2773 | D:4      | HP: 2/43 [something/magic dart (5)]
  2778 | D:4      | HP: 2/43 [poisoned by an adder]
  2783 | D:4      | HP: 1/29 [something (1)]
  2784 | D:4      | Succumbed to an adder's poison

Skill      XL: |  1  2  3  4 |
---------------+-------------+-----
Maces & Flails | 1 |  1.1
Dodging        | 4 |  4.8
Stealth        | 5 |  5.6
Fighting       | 1 |  1.4
Long Blades    | 1 |  1.6

Action                   |  1- 3 |  4- 6 || total
-------------------------+-------+-------++-------
Melee: Whip              |    79 |       ||    79
       Bite              |    12 |    20 ||    32
       Falchion          |    57 |   126 ||   183
 Fire: Blowgun           |     4 |       ||     4
Throw: Javelin           |       |     3 ||     3
Evoke: Wand              |       |     3 ||     3
  Use: Scroll            |     1 |     2 ||     3
       Potion            |       |     1 ||     1
 Stab: Sleeping          |    15 |     6 ||    21
       Distracted        |       |     1 ||     1
  Eat: Chunk             |     5 |     6 ||    11
Armor: Robe              |    47 |    22 ||    69
       Quicksilver drago |       |    30 ||    30
Dodge: Dodged            |    99 |    80 ||   179
Block: Other             |       |     1 ||     1
